 Dungeon Crawl Stone Soup version 0.30-a0-867-g305f33218d (webtiles) character file.

Game seed: 517958791327135974

11398 bmack86 the Cleaver (level 11, -11/97 HPs)
             Began as a Minotaur Fighter on Mar 11, 2023.
             Was a High Priest of Okawaru.
             Engulfed by an ice statue's freezing vapour (12 damage)
             ... in an ice cave.
             The game lasted 00:37:21 (12013 turns).

bmack86 the Cleaver (Minotaur Fighter)             Turns: 12013, Time: 00:37:22

Health: -11/97     AC: 21    Str: 26    XL:     11   Next: 48%
Magic:  0/14       EV:  7    Int:  5    God:    Okawaru [*****.]
Gold:   653        SH:  6    Dex: 12    Spells: 10/10 levels left

rFire   . . .      SeeInvis +    a - +2 war axe (flame)
rCold   + . .      Faith    .    c - +0 buckler
rNeg    . . .      Spirit   +    i - +2 plate armour "Aczuheics" {Dex+3 SInv}
rPois   .          Reflect  .    (helmet restricted)
rElec   .          Rampage  .    (no cloak)
rCorr   .                        (no gloves)
Will    .....                    r - +0 pair of boots Stlth
                                 D - amulet of guardian spirit
HPRegen 0.36/turn                C - +4 ring of protection
MPRegen 0.14/turn                f - ring of protection from cold

@: no status effects
A: horns 2, retaliatory headbutt
a: Renounce Religion, Heroism, Finesse, Duel


You were in an ice cave.
You worshipped Okawaru.
Okawaru was extremely pleased with you.
You visited 2 branches of the dungeon, and saw 12 of its levels.
You also visited: Sewer, Bailey and Ice Cave.

You collected 653 gold pieces.

Inventory:

Hand Weapons
 a - a +2 war axe of flaming (weapon)
 e - a +2 broad axe
 O - the +5 broad axe "Giantslayer" {holy, rElec Dex+7}
   (You acquired it in a bailey)

   Dex:       It affects your dexterity (+7).
   rElec:     It insulates you from electricity.
Missiles
 g - 5 javelins
 m - 18 poisoned darts
 u - 4 silver javelins
 F - 6 curare-tipped darts
 L - 20 boomerangs (quivered)
Armour
 c - a +0 buckler (worn)
 i - the +2 plate armour "Aczuheics" (worn) {Dex+3 SInv}
   (You found it on level 11 of the Dungeon)

   Dex:       It affects your dexterity (+3).
   SInv:      It lets you see invisible.
 q - a +0 plate armour
 r - a +0 pair of boots (worn)
Jewellery
 f - a ring of protection from cold (right hand)
 p - a +5 ring of evasion
 x - a +6 ring of strength
 y - a ring of magical power
 B - a ring of protection from fire
 C - a +4 ring of protection (left hand)
 D - an amulet of guardian spirit (around neck)
Wands
 n - a wand of paralysis (8)
 o - a wand of digging (6)
 z - a wand of roots (10)
 A - a wand of light (9)
 E - a wand of mindburst (10)
Scrolls
 t - 2 scrolls of amnesia
 v - a scroll of identify
 J - 2 scrolls of fear
 K - 4 scrolls of teleportation
 M - 2 scrolls of fog
Potions
 b - 2 potions of flight {unknown}
 d - a potion of might
 h - 6 potions of heal wounds
 j - 2 potions of ambrosia
 k - 9 potions of curing
 l - 4 potions of brilliance
 s - a potion of berserk rage
 w - 6 potions of magic
 G - 2 potions of haste {unknown}
 H - 3 potions of resistance
 I - 5 potions of cancellation
 N - a potion of invisibility {unknown}


   Skills:
 + Level 9.2 Fighting
 * Level 12.2 Axes
 + Level 6.8 Throwing
 + Level 9.2 Armour
 + Level 9.3 Shields
 + Level 6.3 Invocations


You had 10 spell levels left.
You didn't know any spells.
Your spell library contained the following spells:

 Spells                   Type           Power      Damage    Failure   Level
 Kiss of Death            Conj/Necr      0%         2d5       100%        1
 Sting                    Tmut/Pois      0%         1d3       100%        1
 Blink                    Tloc           0%         N/A       100%        2
 Cigotuvi's Dreadful Rot  Necr/Pois/Air  0%         N/A       100%        2
 Poisonous Vapours        Pois/Air       0%         N/A       100%        2
 Confusing Touch          Hex            0%         N/A       100%        3
 Kindle Blastsparks       Fire/Tloc/Air  0%         2d10      100%        3
 Ozocubu's Armour         Ice            0%         N/A       100%        3
 Portal Projectile        Hex/Tloc       0%         N/A       100%        3
 Dispel Undead            Necr           0%         3d6       100%        4
 Fulminant Prism          Conj/Hex       0%         3d5       100%        4
 Iskenderun's Mystic Bla  Conj/Tloc      0%         2d3       100%        4
 Manifold Assault         Tloc           0%         N/A       100%        4
 Olgreb's Toxic Radiance  Pois           0%         N/A       100%        4
 Blade Hands              Tmut           0%         N/A       100%        5
 Lee's Rapid Deconstruct  Erth           0%         3d4*      100%        5
 Ozocubu's Refrigeration  Ice            0%         4d7       100%        7
 Storm Form               Tmut/Air       0%         N/A       100%        7
 Summon Small Mammal      Summ           Unusable   N/A       N/A         1
 Call Canine Familiar     Summ           Unusable   N/A       N/A         3
 Summon Guardian Golem    Hex/Summ       Unusable   N/A       N/A         3
 Tukima's Dance           Hex            Unusable   N/A       N/A         3
 Death Channel            Necr           Unusable   N/A       N/A         6

Dungeon Overview and Level Annotations

Branches:
Dungeon (11/15)            Temple (1/1) D:4            Lair (0/5) D:11
  Sewer (visited)          Bailey (visited)           IceCv (1/1)
    Orc: D:9-12

Altars:
Ashenzari
Cheibriados
Dithmenos
Elyvilon
Fedhas
Gozag
Hepliaklqana
Kikubaaqudgha
Makhleb
Nemelex Xobeh
Okawaru
Qazlal
Ru
Sif Muna
Trog
Uskayaw
Vehumet
Wu Jian
Xom
Yredelemnul
Zin
The Shining One

Shops:
D:1 (

Annotations:
IceCv exclusion: 2 ice statues


Innate Abilities, Weirdness & Mutations

You have a pair of horns on your head.
You reflexively headbutt those who attack you in melee.


Message History

The shard of ice hits you!! You partially resist.
* * * LOW HITPOINT WARNING * * *
You slash the ice statue!
You melt the ice statue!
You headbutt the ice statue.
The ice statue is almost destroyed.
You slash the ice beast!
You melt the ice beast.
You kill the ice beast!
The ice beast disappears in a puff of smoke!
You completely miss the ice statue.
The ice statue is almost destroyed.
The ice statue gestures at you. The freezing blast engulfs you. You resist.
* * * LOW HITPOINT WARNING * * *
The ice statue gestures.
You barely miss the ice beast.
You hit the ice statue but do no damage.
You are engulfed in freezing vapours.
You resist.
* * * LOW HITPOINT WARNING * * *
You block the ice beast's attack. The ice statue gestures at you.
The bolt of cold hits you! You resist.
* * * LOW HITPOINT WARNING * * *
You hit the ice statue but do no damage.
The ice statue is almost destroyed.
You hit the ice beast.
You melt the ice beast.
You hit the ice beast.
You melt the ice beast.
You are engulfed in freezing vapours.
You resist. You block the ice beast's attack.
The ice beast hits you but does no damage.
You hit the ice statue but do no damage.
The ice statue is almost destroyed.
You slash the ice beast!
You melt the ice beast!
You kill the ice beast!
The ice beast disappears in a puff of smoke!
You barely miss the ice beast.
You are engulfed in freezing vapours.
You resist.
* * * LOW HITPOINT WARNING * * *
The ice beast hits you but does no damage.
Unknown command.
Unknown command.
You are engulfed in freezing vapours.
You resist.
You die...

#### ##...#####
##........## #
#..........## .#.
##..........#....
#........☼○.....#
#....○..☼....#
#..Y.○Y○@..#
#8#...☼#8###
##..#### ##..#
##..## #..##
#...## ##...##
##...#


You could see 2 ice statues and 2 ice beasts.

Vanquished Creatures
  An orc warlord (Bailey)
  2 orc knights (Bailey)
  Pikel (D:9)
  2 oklob plants (D:11)
  A manticore (D:11)
  A cyclops (D:8)
  2 rime drakes (D:11)
  A komodo dragon (D:10)
  An ice devil (IceCv)
  A shadow (D:10)
  A wyvern (D:8)
  Sigmund (D:2)
  A vampire (D:9)
  A wraith (D:10)
  3 yaks (D:9)
  2 acid dragons
  2 water moccasins
  3 ice beasts
  2 sky beasts
  5 orc warriors
  A lemure (D:9)
  A phantom (D:4)
  6 centaurs
  3 kobold brigands (Sewer)
  2 bullfrogs
  2 gnoll sergeants
  3 scorpions
  19 wights
  An elephant simulacrum (IceCv)
  3 killer bees (D:9)
  An electric eel (D:8)
  4 howler monkeys
  7 hounds
  2 jellies (D:6)
  7 orc priests
  3 gnoll boudas
  5 iguanas
  Terence (D:2)
  5 orc wizards
  3 sleepcaps
  A spriggan simulacrum (IceCv)
  A troll simulacrum (IceCv)
  21 gnolls
  17 river rats
  19 adders
  A shadow imp (D:7)
  2 white imps
  3 ufetubi
  2 worms
  6 dart slugs
  29 orcs
  11 ball pythons
  6 bats
  7 endoplasms
  3 giant cockroaches (D:1)
  9 goblins
  6 hobgoblins
  7 jackals
  28 kobolds
  14 quokkas
  A frilled lizard (Sewer)
  42 rats
  A bush (D:6)
350 creatures vanquished.

Vanquished Creatures (others)
  11 plants
11 creatures vanquished.

Grand Total: 361 creatures vanquished

Notes
Turn   | Place    | Note
-------+----------+-------------------------------------------
     0 | D:1      | bmack86 the Minotaur Fighter began the quest for the Orb.
     0 | D:1      | Reached XP level 1. HP: 19/19 MP: 0/0
    56 | D:1      | Found Juutsule's Weapon Emporium.
   177 | D:1      | Reached XP level 2. HP: 27/27 MP: 1/1
   230 | D:1      | Reached skill level 3 in Axes
   389 | D:1      | Found a faded altar of an unknown god.
   530 | D:1      | Reached XP level 3. HP: 32/33 MP: 2/2
  1369 | D:2      | Noticed Terence
  1380 | D:2      | Killed Terence
  1381 | D:2      | Reached XP level 4. HP: 33/40 MP: 3/3
  1454 | D:2      | Reached skill level 4 in Axes
  1481 | D:2      | Noticed Sigmund
  1483 | D:2      | Killed Sigmund
  1484 | D:2      | Reached skill level 1 in Throwing
  1484 | D:2      | Reached XP level 5. HP: 47/47 MP: 4/4
  1887 | D:2      | Reached skill level 5 in Axes
  2007 | D:2      | Reached XP level 6. HP: 50/53 MP: 5/5
  2262 | D:3      | Found a radiant altar of Vehumet.
  2264 | D:3      | Found a glowing silver altar of Zin.
  2264 | D:3      | Found a radiant altar of Vehumet.
  2266 | D:3      | Found a burning altar of Makhleb.
  2266 | D:3      | Found a hazy altar of Hepliaklqana.
  2266 | D:3      | Found a shimmering altar of Xom.
  3221 | D:3      | You fall into a shaft and drop 1 floor!
  3332 | D:4      | Found a staircase to the Ecumenical Temple.
  3343 | Temple   | Entered the Ecumenical Temple
  3373 | Temple   | Became a worshipper of Warmaster Okawaru
  3461 | D:4      | Reached skill level 5 in Fighting
  3461 | D:4      | Reached skill level 5 in Armour
  3461 | D:4      | Reached skill level 5 in Shields
  3632 | D:4      | Reached XP level 7. HP: 57/61 MP: 6/6
  3835 | D:4      | Reached skill level 1 in Invocations
  3846 | D:4      | Reached skill level 6 in Axes
  4021 | D:5      | Entered Level 5 of the Dungeon
  4136 | D:5      | Reached * piety under Okawaru
  4160 | D:5      | Found an ornate altar of the Wu Jian Council.
  4309 | D:5      | Found a glowing golden altar of the Shining One.
  4449 | D:5      | Reached XP level 8. HP: 29/69 MP: 2/8
  4633 | D:5      | Reached skill level 7 in Axes
  4977 | D:5      | Found a shimmering blue altar of Sif Muna.
  5047 | D:5      | Found a sacrificial altar of Ru.
  5210 | D:6      | Found a glowing drain.
  5246 | D:6      | Reached ** piety under Okawaru
  5288 | Sewer    | Entered a sewer
  5428 | Sewer    | Reached skill level 8 in Axes
  5711 | D:6      | Reached XP level 9. HP: 78/78 MP: 10/10
  6370 | D:6      | Reached *** piety under Okawaru
  6495 | D:6      | Found an opulent altar of Gozag.
  6635 | D:7      | Reached skill level 9 in Axes
  7268 | D:7      | Reached skill level 5 in Throwing
  7723 | D:8      | Reached **** piety under Okawaru
  7946 | D:8      | Reached XP level 10. HP: 58/86 MP: 7/12
  7972 | D:8      | Noticed a cyclops
  7988 | D:8      | Killed a cyclops
  7988 | D:8      | Received a gift from Okawaru
  7989 | D:8      | Reached skill level 10 in Axes
  8284 | D:8      | Noticed a +0 falchion
  8285 | D:8      | Noticed a +0 short sword
  8285 | D:8      | Noticed a +0 spear
  8286 | D:8      | Noticed a +0 dagger
  8286 | D:8      | Noticed a +0 spear
  8287 | D:8      | Noticed a +0 falchion
  8287 | D:8      | Noticed a +0 short sword
  8288 | D:8      | Noticed a +0 dagger
  8292 | D:8      | Found a hide-covered altar of Uskayaw.
  8434 | D:8      | Received a gift from Okawaru
  8493 | D:8      | Noticed a rakshasa
  8791 | D:9      | Reached skill level 5 in Invocations
  9043 | D:9      | Noticed Pikel
  9051 | D:9      | Killed Pikel
  9235 | D:9      | Reached ***** piety under Okawaru
  9516 | D:10     | Entered Level 10 of the Dungeon
  9565 | D:10     | Reached skill level 11 in Axes
  9760 | D:10     | Found a flagged portal.
  9783 | Bailey   | Entered a bailey
  9789 | Bailey   | Noticed an orc warlord
  9846 | Bailey   | Noticed an orc knight
  9871 | Bailey   | Killed an orc knight
  9898 | Bailey   | Found a runed translucent gate.
  9898 | Bailey   | Found a runed translucent gate.
  9921 | Bailey   | Found a runed translucent gate.
  9927 | Bailey   | Noticed an orc knight
  9943 | Bailey   | Killed an orc knight
  9943 | Bailey   | Received a gift from Okawaru
  9944 | Bailey   | Reached XP level 11. HP: 67/95 MP: 10/14
 10053 | Bailey   | Killed an orc warlord
 10053 | Bailey   | Received a gift from Okawaru
 10086 | Bailey   | Acquired the +5 broad axe "Giantslayer" {holy, rElec Dex+7}
 10618 | D:10     | Found a hazy altar of Hepliaklqana.
 11254 | D:11     | Noticed an oklob plant
 11257 | D:11     | Identified the +2 plate armour "Aczuheics" {Dex+3 SInv}
 11269 | D:11     | Found a staircase to the Lair.
 11276 | D:11     | Noticed an oklob plant
 11292 | D:11     | Killed an oklob plant
 11337 | D:11     | Killed an oklob plant
 11337 | D:11     | Received a gift from Okawaru
 11477 | D:11     | Reached skill level 12 in Axes
 11745 | D:11     | Found a frozen archway.
 11763 | IceCv    | Entered an ice cave
 11779 | IceCv    | Received a gift from Okawaru
 12012 | IceCv    | HP: 1/97 [ice statue] (7)]
 12013 | IceCv    | Engulfed by an ice statue's freezing vapour

Illustrated notes

Levels and vault maps discovered:
D:1:      dpeg_arrival_round_b, layout_basic, serial_shops, shop,
          hellmonk_ecumenical_altar_defaced_shrine, nicolae_eternal_life
D:2:      layout_basic, uniq_terence, uniq_sigmund
D:3:      cheibrodos_helix_gallery, layout_basic, doesnt_xom_only_xom
D:4:      layout_cave_pools, minmay_temple_entry_gardened_gates,
          kennysheep_generic_room_4
D:5:      layout_layer_cave, mainiacjoe_overflow_catwalk,
          mainiacjoe_overflow_alcove_1, marbit_many_paths,
          mainiacjoe_overflow_small_starburst
D:6:      lemuel_ratsnest, layout_cave_pools, mainiacjoe_overflow_paths,
          serial_rivers, chequers_serial_rivers_room_a,
          chequers_serial_rivers_small_3, chequers_serial_rivers_micro_e,
          chequers_serial_rivers_room_b, cheibrodos_sewer_entry_drain,
          columned_hall_lemuel, kb_lookout_dungeons_type
D:7:      layout_basic, serial_curves, eino_curves_02, eino_curves_04,
          eino_curves_03, eino_curves_03
D:8:      layout_loops_ring, nicolae_uskayaw_en_pointe, kennysheep_island_fort
D:9:      layout_irregular_city, uniq_pikel
D:10:     layout_basic, lemuel_tele_altar, enter_bailey_2, grunt_decor_clamped
D:11:     layout_roguey, dpeg_oklobed_lair, hiddenorc1_lemuel,
          portal_ice_cave_rime, ploomutoo_gammafunk_ghost_potion_laboratory
Temple:   nicolae_temple_superstar
IceCv:    ice_cave_small_demon

Skill      XL: |  1  2  3  4  5  6  7  8  9 10 11 |
---------------+----------------------------------+-----
Axes           | 3 4 5 6 8 9 11 12 | 12.2
Shields        | 4 5 6 7 8 9 |  9.3
Fighting       | 4 5 6 7 8 9 |  9.2
Armour         | 4 5 6 7 8 9 |  9.2
Throwing       | 1 2 3 4 5 6 |  6.8
Invocations    | 2 3 4 5 6 |  6.3

Action                     |  1- 3 |  4- 6 |  7- 9 | 10-12 || total
---------------------------+-------+-------+-------+-------++-------
  Melee: War axe           |    83 |    76 |   338 |   171 ||   668
         Headbutt          |     7 |    12 |    78 |    51 ||   148
         Broad axe         |       |       |       |    72 ||    72
  Throw: Javelin           |       |     6 |       |       ||     6
         Dart              |       |     3 |    13 |       ||    16
         Boomerang         |       |       |       |    24 ||    24
 Invoke: Heroism           |       |       |     1 |     5 ||     6
         Finesse           |       |       |       |     2 ||     2
    Use: Scroll            |     2 |     6 |    15 |     5 ||    28
         Potion            |       |       |       |     2 ||     2
 Armour: Scale mail        |    32 |       |       |       ||    32
         Chain mail        |    13 |    26 |    37 |       ||    76
         Plate armour      |       |       |   186 |   101 ||   287
  Dodge: Dodged            |    46 |    39 |   265 |   126 ||   476
  Block: Buckler           |    22 |    19 |   115 |    71 ||   227

Table legend: (Time is in decaauts)
 A = Elapsed time spent in this place.
 B = Non-inter-level travel time spent in this place.
 C = Inter-level travel time spent in this place.
 D = Time resting spent in this place.
 E = Time spent auto-exploring this place.
 F = Levels seen in this place.
 G = Mean time per level.
                   A        B        C        D        E       F      G
               +--------+--------+--------+--------+--------+-----+--------+
         Total |  12111 |  11903 |    208 |    489 |   7917 |  15 |  807.4 |
       Dungeon |  10993 |  10785 |    208 |    303 |   7743 |  11 |  999.4 |
        Temple |    100 |    100 |      0 |      0 |     36 |   1 |  100.0 |
         Sewer |    392 |    392 |      0 |      0 |     80 |   1 |  392.0 |
        Bailey |    375 |    375 |      0 |      0 |     58 |   1 |  375.0 |
      Ice Cave |    248 |    248 |      0 |    186 |      0 |   1 |  248.0 |
               +--------+--------+--------+--------+--------+-----+--------+

Top non-repeatable levels by time:
    D:10: 1288 daAuts
     D:1: 1187 daAuts
     D:3: 1156 daAuts
     D:5: 1122 daAuts
     D:7: 1045 daAuts
     D:8: 1043 daAuts
     D:6: 1002 daAuts
     D:2: 961 daAuts
     D:9: 863 daAuts
     D:4: 752 daAuts
    D:11: 569 daAuts
   Sewer: 392 daAuts
  Bailey: 375 daAuts
   IceCv: 248 daAuts
  Temple: 100 daAuts
